[ AOE2 MATCH · #459485106 ]
UnrankedBurgundians vs Khmer
[ REPLAY ANALYSIS · EXTRACTED FROM THE RECORDED GAME ]
Feudal
11:42
Castle
21:21
Imperial
30:24
| APM avg | 10.9 |
| APM peak | 22 |
| eAPM avg | 9.2 |
| Villagers / military | 79 / 217 |
Focus
⚔️ 32.0% · 🌾 68.0%
Spearman ×120 · Skirmisher ×35 · Hand Cannoneer ×31 · Coustillier ×27 · Trade Cart ×7 · Trebuchet (Packed) ×3
Feudal
14:30
Castle
25:47
Imperial
36:33
| APM avg | 13.4 |
| APM peak | 40 |
| eAPM avg | 10.5 |
| Villagers / military | 164 / 70 |
Focus
⚔️ 24.9% · 🌾 75.1%
Karambit Warrior ×61 · Spearman ×9
Feudal
9:01
Castle
12:45
Imperial
30:47
| APM avg | 19.4 |
| APM peak | 51 |
| eAPM avg | 12.7 |
| Villagers / military | 115 / 83 |
Focus
⚔️ 25.5% · 🌾 74.5%
Ballista Elephant ×82 · Trade Cart ×19 · Monk ×1
Feudal
11:42
Castle
16:39
Imperial
29:22
| APM avg | 12.1 |
| APM peak | 26 |
| eAPM avg | 9.4 |
| Villagers / military | 85 / 371 |
Focus
⚔️ 37.2% · 🌾 62.8%
Spearman ×129 · Skirmisher ×124 · Longbowman ×115 · Trade Cart ×11 · Trebuchet (Packed) ×2 · Monk ×1
Feudal
13:32
Castle
17:53
Imperial
29:52
| APM avg | 15.9 |
| APM peak | 32 |
| eAPM avg | 12.6 |
| Villagers / military | 123 / 227 |
Focus
⚔️ 25.4% · 🌾 74.6%
Spearman ×196 · Bombard Cannon ×18 · Hussite Wagon ×12 · Trebuchet (Packed) ×1
Feudal
11:18
Castle
17:47
Imperial
31:53
| APM avg | 25.0 |
| APM peak | 58 |
| eAPM avg | 16.8 |
| Villagers / military | 103 / 254 |
Focus
⚔️ 41.0% · 🌾 59.0%
Woad Raider ×98 · Skirmisher ×81 · Knight ×35 · Spearman ×25 · Mangonel ×13 · Fishing Ship ×3
Feudal
14:47
Castle
23:23
Imperial
34:29
| APM avg | 15.2 |
| APM peak | 51 |
| eAPM avg | 11.8 |
| Villagers / military | 82 / 162 |
Focus
⚔️ 42.4% · 🌾 57.6%
Knight ×115 · Trade Cart ×32 · Coustillier ×23 · Spearman ×18 · Trebuchet (Packed) ×6
Feudal
12:43
Castle
17:54
Imperial
25:24
| APM avg | 11.6 |
| APM peak | 27 |
| eAPM avg | 9.5 |
| Villagers / military | 113 / 190 |
Focus
⚔️ 25.3% · 🌾 74.7%
Hand Cannoneer ×171 · Bombard Cannon ×18 · Fishing Ship ×10 · Monk ×1 · Trade Cart ×1
Match map
Initial resources + every placement click. Lines = walls · curves = elevation contours. ◆ gold · ⬟ stone · ● berries · ✦ relic · ◌ wall gap
Your base· Open — unwalled flank
andreslcastrom's base· Open — unwalled flank
ڈپٹی's base· Open — unwalled flank
Axxano's base· Open — unwalled flank
smake's base· Open — unwalled flank
Boyka's base· Open — unwalled flank
gatien.rapicault's base· Open — unwalled flank
MatteMaxiBoi's base· Open — unwalled flank
Smoothed initial terrain · ◌ = detected wall gap · hover for details
Inputs per minute
— Hamza Khan - - andreslcastrom
Build order — Hamza Khan
First 150 of 274 actions detected
| 0:29 | Build | House |
| 0:30 | Build | House |
| 0:31 | Build | House |
| 0:33 | Build | Palisade Wall |
| 1:06 | Create | Villager (Male) |
| 1:06 | Research | Loom |
| 1:07 | Create | Villager (Male) ×3 |
| 2:10 | Build | House |
| 2:11 | Build | House |
| 2:15 | Build | House |
| 2:18 | Build | Palisade Wall |
| 2:25 | Create | Villager (Male) |
| 3:01 | Create | Villager (Male) |
| 3:22 | Create | Villager (Male) |
| 4:10 | Create | Villager (Male) |
| 4:10 | Create | Villager (Male) |
| 4:37 | Create | Villager (Male) |
| 4:52 | Create | Villager (Male) |
| 5:13 | Create | Villager (Male) |
| 5:22 | Create | Villager (Male) |
| 5:53 | Create | Villager (Male) ×2 |
| 7:41 | Build | Lumber Camp |
| 7:52 | Create | Villager (Male) ×5 |
| 8:42 | Build | Mill |
| 9:29 | Research | Feudal Age |
| 10:08 | Research | Wheelbarrow |
| 10:34 | Build | Farm |
| 10:36 | Build | Farm |
| 10:37 | Build | Farm |
| 10:40 | Build | Farm |
| 10:42 | Build | Farm |
| 10:47 | Build | Farm |
| 10:58 | Build | Farm |
| 11:20 | Create | Villager (Male) |
| 11:35 | Build | Farm |
| 11:42 | Age | Feudal Age |
| 11:43 | Build | Farm |
| 12:13 | Build | House |
| 12:14 | Build | House |
| 12:16 | Build | House |
| 12:17 | Build | House |
| 12:26 | Create | Villager (Male) ×5 |
| 12:33 | Research | Double-Bit Axe |
| 13:11 | Research | Horse Collar |
| 13:40 | Build | Mining Camp |
| 14:13 | Build | House |
| 14:14 | Build | House |
| 14:28 | Create | Villager (Male) |
| 14:29 | Create | Villager (Male) |
| 14:59 | Create | Villager (Male) |
| 15:20 | Create | Villager (Male) |
| 15:20 | Create | Villager (Male) |
| 16:23 | Build | Blacksmith |
| 16:45 | Create | Villager (Male) |
| 17:37 | Build | Market |
| 17:49 | Create | Villager (Male) |
| 17:57 | Research | Bow Saw |
| 18:13 | Build | Mining Camp |
| 18:41 | Research | Castle Age |
| 18:44 | Research | Heavy Plow |
| 18:48 | Research | Stone Mining |
| 19:05 | Research | Gold Mining |
| 19:22 | Build | Outpost |
| 19:26 | Build | Outpost |
| 19:36 | Build | Barracks |
| 19:43 | Research | Stone Shaft Mining |
| 19:56 | Research | Gold Shaft Mining |
| 19:58 | Research | Town Watch |
| 19:59 | Create | Villager (Male) ×4 |
| 20:12 | Build | Farm |
| 20:25 | Build | Farm |
| 21:07 | Build | House |
| 21:08 | Build | House |
| 21:08 | Build | House |
| 21:08 | Build | House |
| 21:09 | Build | House |
| 21:10 | Build | House |
| 21:10 | Build | House |
| 21:11 | Build | House |
| 21:11 | Build | House |
| 21:21 | Age | Castle Age |
| 21:52 | Research | Two-Man Saw |
| 22:20 | Build | Farm |
| 22:25 | Build | Farm |
| 22:31 | Build | Castle |
| 22:44 | Create | Villager (Male) ×5 |
| 23:09 | Build | House |
| 23:10 | Build | House |
| 23:10 | Build | House |
| 23:11 | Build | House |
| 23:11 | Build | House |
| 23:51 | Research | Crop Rotation |
| 24:21 | Build | Outpost |
| 24:35 | Build | Farm |
| 24:37 | Build | Farm |
| 24:38 | Build | Farm |
| 24:43 | Build | Farm |
| 24:44 | Build | Farm |
| 24:46 | Build | Farm |
| 24:53 | Build | Farm |
| 24:55 | Build | Farm |
| 25:00 | Build | Farm |
| 25:12 | Create | Villager (Male) ×5 |
| 25:19 | Build | Farm |
| 25:24 | Build | Farm |
| 25:31 | Build | Farm |
| 26:06 | Build | Monastery |
| 26:10 | Create | Villager (Male) |
| 27:14 | Research | Imperial Age |
| 27:24 | Build | Lumber Camp |
| 27:52 | Build | Farm |
| 27:54 | Build | Farm |
| 27:57 | Build | Mill |
| 27:58 | Build | Farm |
| 27:59 | Build | Farm |
| 28:01 | Build | Farm |
| 28:03 | Build | Farm |
| 28:21 | Build | University |
| 28:27 | Create | Villager (Male) ×5 |
| 29:00 | Build | Barracks |
| 29:03 | Build | Barracks |
| 29:39 | Research | Caravan |
| 29:40 | Create | Trade Cart ×2 |
| 29:56 | Create | Trade Cart |
| 30:16 | Build | Castle |
| 30:24 | Age | Imperial Age |
| 30:26 | Research | Hand Cart |
| 30:31 | Research | Chemistry |
| 30:34 | Research | Conscription |
| 30:36 | Research | Burgundian Vineyards |
| 30:47 | Research | Pikeman (upgrade) |
| 30:49 | Research | Squires |
| 31:15 | Build | House |
| 31:15 | Build | House |
| 31:16 | Build | House |
| 31:17 | Build | House |
| 31:19 | Build | House |
| 31:20 | Build | House |
| 31:20 | Build | House |
| 31:35 | Research | Arson |
| 31:58 | Create | Villager (Male) ×5 |
| 32:07 | Create | Trade Cart ×4 |
| 33:19 | Build | Town Center |
| 34:06 | Create | Trebuchet (Packed) |
| 34:08 | Create | Trebuchet (Packed) |
| 34:17 | Create | Villager (Male) |
| 34:17 | Create | Villager (Male) |
| 34:23 | Research | Forging |
| 34:23 | Research | Scale Mail Armor |
| 34:26 | Research | Scale Barding Armor |
Build order — andreslcastrom
First 150 of 345 actions detected
| 0:05 | Create | Villager (Male) |
| 0:05 | Create | Villager (Male) |
| 0:05 | Create | Villager (Male) |
| 0:06 | Create | Villager (Male) |
| 0:06 | Create | Villager (Male) |
| 0:06 | Create | Villager (Male) |
| 0:12 | Build | House |
| 0:14 | Build | House |
| 0:54 | Research | Loom |
| 0:59 | Create | Villager (Male) |
| 0:59 | Create | Villager (Male) |
| 0:59 | Create | Villager (Male) |
| 0:59 | Create | Villager (Male) |
| 1:26 | Build | Palisade Wall |
| 1:41 | Create | Villager (Male) |
| 1:41 | Create | Villager (Male) |
| 3:37 | Create | Villager (Male) |
| 3:37 | Create | Villager (Male) |
| 3:38 | Create | Villager (Male) |
| 3:38 | Create | Villager (Male) |
| 3:38 | Create | Villager (Male) |
| 3:52 | Create | Villager (Male) |
| 3:53 | Create | Villager (Male) |
| 3:53 | Create | Villager (Male) |
| 4:34 | Create | Villager (Male) |
| 4:35 | Create | Villager (Male) |
| 4:35 | Create | Villager (Male) |
| 5:29 | Create | Villager (Male) |
| 5:29 | Create | Villager (Male) |
| 5:30 | Create | Villager (Male) |
| 6:17 | Build | Mill |
| 6:29 | Create | Villager (Male) |
| 6:30 | Create | Villager (Male) |
| 6:30 | Create | Villager (Male) |
| 6:30 | Create | Villager (Male) |
| 6:43 | Build | House |
| 6:48 | Build | House |
| 6:50 | Build | House |
| 6:51 | Build | House |
| 6:53 | Build | House |
| 6:55 | Build | House |
| 7:39 | Create | Villager (Male) |
| 7:39 | Create | Villager (Male) |
| 7:39 | Create | Villager (Male) |
| 8:00 | Create | Villager (Male) |
| 8:00 | Create | Villager (Male) |
| 8:22 | Create | Villager (Male) |
| 8:23 | Create | Villager (Male) |
| 9:13 | Build | Lumber Camp |
| 9:27 | Create | Villager (Male) |
| 9:28 | Create | Villager (Male) |
| 9:28 | Create | Villager (Male) |
| 9:28 | Create | Villager (Male) |
| 9:29 | Create | Villager (Male) |
| 9:29 | Create | Villager (Male) |
| 9:47 | Create | Villager (Male) |
| 9:48 | Create | Villager (Male) |
| 9:48 | Create | Villager (Male) |
| 10:32 | Build | Mill |
| 11:42 | Build | Mining Camp |
| 11:48 | Create | Villager (Male) |
| 11:48 | Create | Villager (Male) |
| 11:48 | Create | Villager (Male) |
| 11:48 | Create | Villager (Male) |
| 11:49 | Create | Villager (Male) |
| 12:30 | Build | Mining Camp |
| 12:58 | Research | Feudal Age |
| 13:27 | Build | Mill |
| 13:52 | Create | Villager (Male) |
| 13:52 | Create | Villager (Male) |
| 13:53 | Create | Villager (Male) |
| 13:53 | Create | Villager (Male) |
| 14:30 | Age | Feudal Age |
| 14:49 | Build | Barracks |
| 15:04 | Build | House |
| 15:08 | Build | House |
| 15:11 | Build | House |
| 15:16 | Build | House |
| 15:18 | Build | House |
| 15:22 | Build | House |
| 15:24 | Build | House |
| 15:25 | Build | House |
| 15:27 | Build | House |
| 15:50 | Create | Villager (Male) |
| 15:50 | Create | Villager (Male) |
| 15:50 | Create | Villager (Male) |
| 15:50 | Create | Villager (Male) |
| 15:53 | Create | Villager (Male) |
| 15:53 | Create | Villager (Male) |
| 16:08 | Build | Stable |
| 16:36 | Build | Mining Camp |
| 16:47 | Build | Farm |
| 16:48 | Build | Farm |
| 17:16 | Build | Blacksmith |
| 17:19 | Research | Arson |
| 17:31 | Build | Farm |
| 17:36 | Create | Villager (Male) |
| 17:36 | Create | Villager (Male) |
| 17:36 | Create | Villager (Male) |
| 18:05 | Build | Farm |
| 18:20 | Build | Watch Tower |
| 18:27 | Build | Farm |
| 18:34 | Build | Farm |
| 18:40 | Create | Villager (Male) |
| 18:40 | Create | Villager (Male) |
| 18:41 | Create | Villager (Male) |
| 18:52 | Build | Farm |
| 19:05 | Build | Farm |
| 19:06 | Build | Farm |
| 19:17 | Build | Farm |
| 19:23 | Build | Farm |
| 19:39 | Build | House |
| 19:41 | Build | House |
| 19:46 | Build | House |
| 19:48 | Build | House |
| 19:59 | Build | Farm |
| 20:01 | Create | Villager (Male) |
| 20:02 | Create | Villager (Male) |
| 20:02 | Create | Villager (Male) |
| 20:02 | Create | Villager (Male) |
| 20:40 | Build | Farm |
| 21:02 | Create | Villager (Male) |
| 21:08 | Build | Farm |
| 21:23 | Research | Forging |
| 21:31 | Build | Farm |
| 21:51 | Build | Farm |
| 21:55 | Create | Villager (Male) |
| 21:56 | Create | Villager (Male) |
| 22:16 | Build | Farm |
| 22:40 | Build | Farm |
| 22:55 | Create | Villager (Male) |
| 23:05 | Build | Farm |
| 23:14 | Create | Villager (Male) |
| 23:15 | Create | Villager (Male) |
| 23:27 | Build | Farm |
| 23:43 | Build | Mining Camp |
| 23:54 | Build | Farm |
| 24:03 | Research | Castle Age |
| 24:19 | Build | Farm |
| 24:31 | Build | House |
| 24:33 | Build | House |
| 24:36 | Build | House |
| 24:40 | Build | House |
| 24:42 | Build | House |
| 25:06 | Create | Villager (Male) |
| 25:06 | Create | Villager (Male) |
| 25:06 | Create | Villager (Male) |
| 25:07 | Create | Villager (Male) |
| 25:07 | Create | Villager (Male) |
| 25:07 | Create | Villager (Male) |
Build order — ڈپٹی
First 150 of 381 actions detected
| 0:01 | Create | Villager (Male) |
| 0:01 | Create | Villager (Male) |
| 0:02 | Create | Villager (Male) |
| 0:02 | Create | Villager (Male) |
| 0:04 | Build | House |
| 0:05 | Build | House |
| 1:31 | Create | Villager (Male) |
| 2:00 | Create | Villager (Male) |
| 2:36 | Create | Villager (Male) |
| 2:53 | Build | House |
| 3:00 | Create | Villager (Male) |
| 3:01 | Create | Villager (Male) |
| 3:39 | Create | Villager (Male) |
| 3:39 | Create | Villager (Male) |
| 4:15 | Create | Villager (Male) |
| 4:34 | Create | Villager (Male) |
| 5:14 | Build | House |
| 5:17 | Build | Mining Camp |
| 5:19 | Create | Villager (Male) |
| 5:59 | Create | Villager (Male) |
| 6:12 | Create | Villager (Male) |
| 6:51 | Research | Feudal Age |
| 8:20 | Create | Villager (Male) |
| 8:21 | Create | Villager (Male) |
| 9:01 | Age | Feudal Age |
| 10:05 | Research | Castle Age |
| 11:08 | Build | Lumber Camp |
| 11:42 | Build | Mill |
| 12:00 | Create | Villager (Male) |
| 12:00 | Create | Villager (Male) |
| 12:06 | Build | House |
| 12:45 | Age | Castle Age |
| 12:52 | Build | Town Center |
| 13:18 | Create | Villager (Male) |
| 13:52 | Build | Town Center |
| 13:57 | Create | Villager (Male) |
| 14:16 | Research | Horse Collar |
| 14:18 | Create | Villager (Male) |
| 14:19 | Create | Villager (Male) |
| 14:53 | Build | Farm |
| 15:00 | Build | Farm |
| 15:09 | Build | Farm |
| 15:12 | Create | Villager (Male) |
| 15:42 | Build | Lumber Camp |
| 15:47 | Create | Villager (Male) |
| 15:51 | Create | Villager (Male) |
| 15:56 | Build | Farm |
| 15:59 | Build | Farm |
| 16:15 | Build | Farm |
| 16:18 | Build | Farm |
| 16:21 | Create | Villager (Male) |
| 16:37 | Create | Villager (Male) |
| 16:41 | Build | Farm |
| 16:46 | Build | Farm |
| 16:49 | Create | Villager (Male) |
| 16:55 | Build | Farm |
| 17:02 | Build | Farm |
| 17:08 | Create | Villager (Male) |
| 17:14 | Build | Farm |
| 17:26 | Build | Farm |
| 17:28 | Create | Villager (Male) |
| 17:29 | Create | Villager (Male) |
| 17:40 | Build | Farm |
| 17:51 | Build | Farm |
| 18:05 | Build | Farm |
| 18:07 | Create | Villager (Male) |
| 18:08 | Create | Villager (Male) |
| 18:09 | Create | Villager (Male) |
| 18:10 | Create | Villager (Male) |
| 18:13 | Build | House |
| 18:27 | Build | House |
| 18:29 | Create | Villager (Male) |
| 18:31 | Create | Villager (Male) |
| 18:42 | Build | Farm |
| 18:44 | Build | Farm |
| 18:51 | Build | Farm |
| 18:54 | Create | Villager (Male) |
| 18:55 | Create | Villager (Male) |
| 18:55 | Create | Villager (Male) |
| 19:11 | Build | House |
| 19:12 | Build | House |
| 19:20 | Create | Villager (Male) |
| 19:21 | Create | Villager (Male) |
| 19:22 | Create | Villager (Male) |
| 19:31 | Build | Mining Camp |
| 19:36 | Research | Double-Bit Axe |
| 20:03 | Research | Heavy Plow |
| 20:09 | Build | House |
| 20:10 | Create | Villager (Male) |
| 20:11 | Create | Villager (Male) |
| 20:11 | Create | Villager (Male) |
| 20:12 | Create | Villager (Male) |
| 20:13 | Create | Villager (Male) |
| 20:16 | Create | Villager (Male) |
| 20:27 | Build | Farm |
| 20:30 | Build | Farm |
| 20:34 | Build | Farm |
| 20:39 | Build | House |
| 20:41 | Create | Villager (Male) |
| 20:43 | Create | Villager (Male) |
| 20:52 | Build | Farm |
| 20:55 | Build | Farm |
| 20:58 | Build | Farm |
| 21:01 | Create | Villager (Male) |
| 21:03 | Create | Villager (Male) |
| 21:03 | Create | Villager (Male) |
| 21:13 | Build | House |
| 21:14 | Build | House |
| 21:18 | Create | Villager (Male) |
| 21:22 | Build | Farm |
| 21:30 | Build | Farm |
| 21:39 | Research | Bow Saw |
| 21:42 | Create | Villager (Male) |
| 21:44 | Create | Villager (Male) |
| 21:45 | Create | Villager (Male) |
| 21:57 | Create | Villager (Male) |
| 21:57 | Create | Villager (Male) |
| 21:59 | Create | Villager (Male) |
| 22:00 | Create | Villager (Male) |
| 22:15 | Build | House |
| 22:16 | Build | House |
| 22:17 | Build | House |
| 22:19 | Build | House |
| 22:23 | Create | Villager (Male) |
| 22:26 | Create | Villager (Male) |
| 22:28 | Create | Villager (Male) |
| 22:29 | Create | Villager (Male) |
| 22:48 | Build | Town Center |
| 23:01 | Build | House |
| 23:02 | Build | House |
| 23:04 | Create | Villager (Male) |
| 23:05 | Create | Villager (Male) |
| 23:05 | Create | Villager (Male) |
| 23:07 | Create | Villager (Male) |
| 23:28 | Create | Villager (Male) |
| 23:29 | Create | Villager (Male) |
| 23:38 | Create | Villager (Male) |
| 23:41 | Create | Villager (Male) |
| 24:02 | Build | Barracks |
| 24:04 | Create | Villager (Male) |
| 24:08 | Create | Villager (Male) |
| 24:22 | Build | Monastery |
| 24:28 | Build | University |
| 24:29 | Create | Villager (Male) |
| 24:34 | Create | Villager (Male) |
| 24:34 | Create | Villager (Male) |
| 24:35 | Create | Villager (Male) |
| 24:35 | Create | Villager (Male) |
| 24:36 | Create | Villager (Male) |
| 24:36 | Create | Villager (Male) |
Build order — Axxano
First 150 of 280 actions detected
| 0:03 | Create | Villager (Male) |
| 0:04 | Research | Loom |
| 0:04 | Create | Villager (Male) |
| 0:04 | Create | Villager (Male) |
| 0:05 | Create | Villager (Male) |
| 0:09 | Build | House |
| 0:10 | Build | House |
| 0:11 | Build | House |
| 0:12 | Build | House |
| 1:25 | Create | Villager (Male) |
| 2:13 | Create | Villager (Male) |
| 2:36 | Create | Villager (Male) |
| 2:54 | Create | Villager (Male) |
| 3:04 | Create | Villager (Male) |
| 3:49 | Create | Villager (Male) ×2 |
| 4:58 | Build | Mill |
| 5:15 | Create | Villager (Male) ×5 |
| 5:42 | Build | Mining Camp |
| 7:23 | Create | Villager (Male) |
| 7:23 | Create | Villager (Male) |
| 7:24 | Create | Villager (Male) |
| 7:24 | Create | Villager (Male) |
| 7:28 | Create | Villager (Male) |
| 9:32 | Research | Feudal Age |
| 9:38 | Build | House |
| 9:39 | Build | House |
| 10:10 | Build | Mill |
| 10:31 | Create | Villager (Male) ×5 |
| 11:42 | Age | Feudal Age |
| 11:52 | Build | Lumber Camp |
| 12:53 | Build | Market |
| 13:29 | Build | Blacksmith |
| 13:59 | Research | Castle Age |
| 14:09 | Build | House |
| 14:10 | Build | House |
| 14:28 | Build | Mining Camp |
| 15:02 | Research | Double-Bit Axe |
| 15:04 | Research | Horse Collar |
| 15:56 | Create | Villager (Male) |
| 16:39 | Age | Castle Age |
| 16:40 | Create | Villager (Male) |
| 16:42 | Research | Heavy Plow |
| 16:51 | Research | Bow Saw |
| 16:59 | Build | Town Center |
| 17:09 | Build | Farm |
| 17:27 | Create | Villager (Male) |
| 17:37 | Build | Town Center |
| 17:48 | Create | Villager (Male) |
| 17:56 | Build | Farm |
| 18:05 | Create | Villager (Male) |
| 18:14 | Create | Villager (Male) ×2 |
| 18:24 | Create | Trade Cart ×5 |
| 18:30 | Create | Villager (Male) |
| 18:33 | Build | Farm |
| 18:55 | Create | Villager (Male) |
| 19:08 | Build | Farm |
| 19:09 | Build | Farm |
| 19:10 | Build | Farm |
| 19:12 | Build | Farm |
| 19:12 | Build | Farm |
| 19:14 | Build | Farm |
| 19:15 | Build | Farm |
| 19:21 | Build | Farm |
| 19:22 | Build | Farm |
| 19:27 | Build | Farm |
| 19:34 | Create | Villager (Male) |
| 19:57 | Build | Farm |
| 19:58 | Build | Farm |
| 20:11 | Create | Villager (Male) |
| 20:16 | Build | Monastery |
| 20:22 | Create | Villager (Male) |
| 20:35 | Create | Villager (Male) |
| 20:40 | Build | Farm |
| 20:51 | Create | Villager (Male) |
| 20:56 | Build | Farm |
| 21:07 | Build | House |
| 21:08 | Build | House |
| 21:10 | Build | House |
| 21:11 | Build | House |
| 21:18 | Build | University |
| 21:24 | Create | Monk |
| 21:27 | Build | House |
| 21:28 | Build | House |
| 21:29 | Build | House |
| 21:30 | Build | House |
| 21:33 | Build | Farm |
| 21:37 | Create | Villager (Male) ×4 |
| 21:43 | Build | Farm |
| 22:01 | Create | Villager (Male) ×3 |
| 22:05 | Build | Farm |
| 22:09 | Build | Farm |
| 22:19 | Build | Farm |
| 22:24 | Create | Villager (Male) ×3 |
| 22:35 | Build | Farm |
| 22:38 | Build | Farm |
| 22:43 | Create | Villager (Male) ×2 |
| 22:47 | Build | Farm |
| 23:03 | Create | Trade Cart |
| 23:04 | Create | Trade Cart |
| 23:09 | Build | Farm |
| 23:15 | Build | Mining Camp |
| 23:21 | Create | Villager (Male) ×5 |
| 23:31 | Build | Mining Camp |
| 23:40 | Create | Villager (Male) ×3 |
| 23:51 | Build | Farm |
| 24:04 | Build | Farm |
| 24:08 | Build | Farm |
| 24:14 | Create | Villager (Male) |
| 24:25 | Create | Villager (Male) |
| 24:26 | Create | Villager (Male) |
| 24:35 | Build | Farm |
| 24:51 | Research | Gold Mining |
| 24:51 | Research | Stone Mining |
| 25:13 | Build | Mining Camp |
| 25:21 | Build | Barracks |
| 25:22 | Build | Barracks |
| 25:49 | Build | House |
| 25:49 | Build | House |
| 25:52 | Build | House |
| 25:53 | Build | House |
| 25:55 | Build | House |
| 25:56 | Build | House |
| 25:57 | Build | House |
| 25:57 | Build | House |
| 26:12 | Research | Imperial Age |
| 26:13 | Research | Town Watch |
| 26:24 | Research | Wheelbarrow |
| 26:44 | Create | Villager (Male) ×3 |
| 27:16 | Build | Stone Wall |
| 27:19 | Build | Gate |
| 27:33 | Build | Siege Workshop |
| 27:34 | Build | Siege Workshop |
| 27:38 | Build | Barracks |
| 27:39 | Build | Barracks |
| 27:49 | Research | Gold Shaft Mining |
| 27:53 | Research | Caravan |
| 27:57 | Create | Trade Cart |
| 28:06 | Create | Trade Cart |
| 28:11 | Create | Villager (Male) ×5 |
| 28:14 | Create | Villager (Male) ×5 |
| 28:35 | Research | Hand Cart |
| 28:43 | Create | Trade Cart |
| 29:01 | Research | Heavy Plow |
| 29:10 | Research | Squires |
| 29:22 | Age | Imperial Age |
| 29:31 | Build | Barracks |
| 29:31 | Build | Barracks |
| 29:49 | Research | Two-Man Saw |
| 29:59 | Create | Villager (Male) |
| 30:00 | Create | Villager (Male) |
Build order — smake
First 150 of 333 actions detected
| 0:01 | Create | Villager (Male) |
| 0:01 | Create | Villager (Male) |
| 0:02 | Create | Villager (Male) |
| 0:03 | Build | House |
| 0:04 | Build | House |
| 0:39 | Create | Villager (Male) |
| 0:39 | Create | Villager (Male) |
| 1:38 | Create | Villager (Male) |
| 1:38 | Create | Villager (Male) |
| 1:55 | Build | House |
| 2:21 | Create | Villager (Male) |
| 2:39 | Create | Villager (Male) |
| 2:39 | Create | Villager (Male) |
| 3:31 | Create | Villager (Male) |
| 3:31 | Create | Villager (Male) |
| 3:48 | Create | Villager (Male) |
| 4:28 | Create | Villager (Male) |
| 4:29 | Create | Villager (Male) |
| 4:29 | Create | Villager (Male) |
| 5:16 | Build | House |
| 5:43 | Build | Lumber Camp |
| 5:49 | Create | Villager (Male) |
| 5:50 | Create | Villager (Male) |
| 5:50 | Create | Villager (Male) |
| 6:08 | Create | Villager (Male) |
| 6:08 | Create | Villager (Male) |
| 6:08 | Create | Villager (Male) |
| 6:44 | Create | Villager (Male) |
| 6:45 | Create | Villager (Male) |
| 7:07 | Create | Villager (Male) |
| 7:16 | Build | Mill |
| 7:29 | Build | House |
| 8:27 | Create | Villager (Male) |
| 8:27 | Create | Villager (Male) |
| 8:48 | Create | Villager (Male) |
| 8:48 | Create | Villager (Male) |
| 8:49 | Create | Villager (Male) |
| 8:49 | Create | Villager (Male) |
| 9:04 | Create | Villager (Male) |
| 9:04 | Create | Villager (Male) |
| 9:05 | Create | Villager (Male) |
| 9:20 | Build | House |
| 9:22 | Build | House |
| 10:34 | Build | Mining Camp |
| 10:41 | Build | Farm |
| 10:43 | Build | Farm |
| 10:45 | Build | Farm |
| 10:46 | Build | Farm |
| 10:48 | Build | Farm |
| 11:20 | Research | Feudal Age |
| 11:52 | Build | Farm |
| 12:00 | Build | Farm |
| 12:36 | Create | Villager (Male) |
| 12:36 | Create | Villager (Male) |
| 12:37 | Create | Villager (Male) |
| 13:31 | Build | Lumber Camp |
| 13:32 | Age | Feudal Age |
| 13:42 | Build | Market |
| 14:35 | Build | Blacksmith |
| 14:42 | Create | Villager (Male) |
| 14:48 | Build | Farm |
| 14:49 | Build | Farm |
| 15:13 | Research | Castle Age |
| 15:30 | Build | Watch Tower |
| 15:38 | Research | Double-Bit Axe |
| 16:04 | Create | Villager (Male) |
| 16:59 | Research | Horse Collar |
| 17:16 | Build | Farm |
| 17:16 | Build | Farm |
| 17:20 | Create | Villager (Male) |
| 17:31 | Build | House |
| 17:32 | Build | House |
| 17:34 | Build | House |
| 17:40 | Build | House |
| 17:42 | Build | House |
| 17:43 | Build | House |
| 17:44 | Build | House |
| 17:53 | Age | Castle Age |
| 18:11 | Build | Town Center |
| 18:24 | Research | Heavy Plow |
| 18:27 | Research | Bow Saw |
| 18:40 | Create | Villager (Male) |
| 18:43 | Research | Wheelbarrow |
| 19:05 | Build | Farm |
| 19:06 | Build | Farm |
| 19:07 | Build | Farm |
| 19:10 | Build | Farm |
| 19:22 | Build | Farm |
| 19:25 | Create | Villager (Male) |
| 19:25 | Create | Villager (Male) |
| 20:04 | Create | Villager (Male) |
| 20:05 | Create | Villager (Male) |
| 20:05 | Create | Villager (Male) |
| 21:06 | Build | Town Center |
| 21:08 | Create | Villager (Male) |
| 21:08 | Create | Villager (Male) |
| 21:12 | Create | Villager (Male) |
| 21:12 | Create | Villager (Male) |
| 21:12 | Create | Villager (Male) |
| 21:26 | Create | Villager (Male) |
| 21:27 | Create | Villager (Male) |
| 21:37 | Build | Siege Workshop |
| 21:47 | Create | Villager (Male) |
| 21:48 | Create | Villager (Male) |
| 21:59 | Build | Farm |
| 22:11 | Build | Farm |
| 22:12 | Build | Farm |
| 22:19 | Build | Farm |
| 22:32 | Build | Monastery |
| 22:38 | Create | Villager (Male) |
| 22:38 | Create | Villager (Male) |
| 22:47 | Build | Farm |
| 22:49 | Create | Villager (Male) |
| 23:06 | Create | Villager (Male) |
| 23:07 | Create | Villager (Male) |
| 23:07 | Create | Villager (Male) |
| 23:13 | Build | Farm |
| 23:17 | Create | Villager (Male) |
| 23:23 | Create | Villager (Male) |
| 23:23 | Create | Villager (Male) |
| 23:42 | Create | Villager (Male) |
| 23:42 | Create | Villager (Male) |
| 23:51 | Build | Farm |
| 24:10 | Create | Villager (Male) |
| 24:16 | Build | Farm |
| 24:17 | Build | Farm |
| 24:19 | Build | Farm |
| 24:20 | Build | Farm |
| 24:23 | Create | Villager (Male) |
| 24:29 | Create | Villager (Male) |
| 24:29 | Create | Villager (Male) |
| 24:42 | Build | Farm |
| 24:43 | Build | Farm |
| 24:47 | Create | Villager (Male) |
| 24:58 | Create | Villager (Male) |
| 25:00 | Create | Villager (Male) |
| 25:11 | Build | Town Center |
| 25:24 | Create | Villager (Male) |
| 25:35 | Build | Barracks |
| 25:39 | Create | Villager (Male) |
| 25:39 | Create | Villager (Male) |
| 25:39 | Create | Villager (Male) |
| 25:52 | Create | Villager (Male) |
| 25:52 | Create | Villager (Male) |
| 25:58 | Build | Farm |
| 25:59 | Build | Farm |
| 26:01 | Build | Farm |
| 26:03 | Create | Villager (Male) |
| 26:04 | Create | Villager (Male) |
| 26:15 | Create | Villager (Male) |
Build order — Boyka
First 150 of 496 actions detected
| 0:02 | Create | Villager (Male) |
| 0:02 | Create | Villager (Male) |
| 0:02 | Create | Villager (Male) |
| 0:05 | Build | House |
| 0:08 | Build | House |
| 0:15 | Create | Villager (Male) |
| 0:15 | Create | Villager (Male) |
| 0:15 | Create | Villager (Male) |
| 1:37 | Create | Villager (Male) |
| 1:37 | Create | Villager (Male) |
| 2:04 | Create | Villager (Male) |
| 2:05 | Create | Villager (Male) |
| 2:23 | Create | Villager (Male) |
| 2:23 | Create | Villager (Male) |
| 2:59 | Create | Villager (Male) |
| 2:59 | Create | Villager (Male) |
| 3:00 | Create | Villager (Male) |
| 3:15 | Create | Villager (Male) |
| 3:15 | Create | Villager (Male) |
| 3:15 | Create | Villager (Male) |
| 3:49 | Create | Villager (Male) |
| 4:14 | Build | Mill |
| 4:28 | Build | House |
| 4:33 | Create | Villager (Male) |
| 4:46 | Create | Villager (Male) |
| 4:47 | Create | Villager (Male) |
| 5:07 | Create | Villager (Male) |
| 5:37 | Create | Villager (Male) |
| 5:38 | Create | Villager (Male) |
| 5:49 | Build | House |
| 6:00 | Create | Villager (Male) |
| 6:16 | Create | Villager (Male) |
| 6:17 | Create | Villager (Male) |
| 6:42 | Create | Villager (Male) |
| 6:58 | Create | Villager (Male) |
| 7:31 | Create | Villager (Male) |
| 8:07 | Build | Lumber Camp |
| 8:30 | Build | Dock |
| 8:34 | Create | Villager (Male) |
| 8:39 | Build | House |
| 9:02 | Research | Feudal Age |
| 10:09 | Create | Fishing Ship |
| 10:25 | Build | Mining Camp |
| 11:18 | Age | Feudal Age |
| 11:20 | Research | Horse Collar |
| 11:22 | Research | Wheelbarrow |
| 11:26 | Research | Double-Bit Axe |
| 11:40 | Build | Farm |
| 11:40 | Build | Farm |
| 11:40 | Build | Farm |
| 11:41 | Build | Farm |
| 11:41 | Build | Farm |
| 11:42 | Build | Farm |
| 11:42 | Build | Farm |
| 11:43 | Build | Farm |
| 11:43 | Build | Farm |
| 11:43 | Build | Farm |
| 12:22 | Build | Farm |
| 12:24 | Create | Villager (Male) |
| 12:41 | Create | Villager (Male) |
| 12:55 | Build | Market |
| 13:10 | Build | Farm |
| 13:25 | Create | Villager (Male) |
| 13:35 | Build | House |
| 13:45 | Build | Farm |
| 13:50 | Create | Villager (Male) |
| 14:05 | Create | Villager (Male) |
| 14:11 | Build | Blacksmith |
| 14:21 | Create | Villager (Male) |
| 14:25 | Build | Farm |
| 14:48 | Build | Farm |
| 14:56 | Research | Castle Age |
| 15:35 | Build | Mining Camp |
| 15:42 | Build | Farm |
| 16:00 | Create | Fishing Ship |
| 16:01 | Research | Tech 906 |
| 17:47 | Age | Castle Age |
| 17:51 | Build | Town Center |
| 17:53 | Research | Heavy Plow |
| 17:56 | Research | Bow Saw |
| 18:05 | Create | Villager (Male) |
| 18:20 | Build | Monastery |
| 18:36 | Create | Villager (Male) |
| 18:37 | Create | Villager (Male) |
| 18:58 | Build | House |
| 19:04 | Create | Villager (Male) |
| 19:07 | Create | Villager (Male) |
| 19:08 | Create | Villager (Male) |
| 19:14 | Create | Monk |
| 19:30 | Build | Lumber Camp |
| 19:35 | Research | Hand Cart |
| 19:37 | Create | Villager (Male) |
| 19:39 | Create | Villager (Male) |
| 19:59 | Create | Villager (Male) |
| 20:04 | Build | Farm |
| 20:23 | Create | Villager (Male) |
| 20:36 | Create | Villager (Male) |
| 20:50 | Create | Villager (Male) |
| 21:04 | Research | Gillnets |
| 21:05 | Create | Fishing Ship |
| 21:17 | Build | House |
| 21:17 | Build | House |
| 21:18 | Build | House |
| 21:42 | Create | Villager (Male) |
| 22:02 | Create | Villager (Male) |
| 22:04 | Create | Villager (Male) |
| 22:04 | Create | Villager (Male) |
| 22:21 | Build | Castle |
| 22:27 | Create | Villager (Male) |
| 22:30 | Create | Villager (Male) |
| 22:30 | Create | Villager (Male) |
| 22:45 | Build | Mining Camp |
| 22:50 | Create | Villager (Male) |
| 22:53 | Create | Villager (Male) |
| 23:01 | Build | Fish Trap |
| 23:02 | Build | Fish Trap |
| 23:03 | Build | Fish Trap |
| 23:08 | Create | Villager (Male) |
| 23:25 | Create | Villager (Male) |
| 23:43 | Create | Villager (Male) |
| 23:46 | Create | Villager (Male) |
| 23:46 | Create | Villager (Male) |
| 23:56 | Build | Farm |
| 24:32 | Build | Lumber Camp |
| 24:34 | Create | Woad Raider |
| 24:35 | Create | Woad Raider |
| 24:50 | Create | Villager (Male) |
| 24:55 | Build | Farm |
| 25:04 | Build | University |
| 25:23 | Create | Villager (Male) |
| 25:23 | Create | Villager (Male) |
| 25:25 | Create | Villager (Male) |
| 25:25 | Create | Villager (Male) |
| 25:30 | Build | Farm |
| 25:42 | Create | Villager (Male) |
| 25:42 | Create | Villager (Male) |
| 25:59 | Build | Barracks |
| 26:00 | Build | Barracks |
| 26:00 | Build | Barracks |
| 26:00 | Build | Barracks |
| 26:01 | Build | Barracks |
| 26:01 | Build | Barracks |
| 26:01 | Build | Barracks |
| 26:14 | Create | Villager (Male) |
| 26:16 | Create | Villager (Male) |
| 26:22 | Build | Farm |
| 26:23 | Build | Farm |
| 26:31 | Build | Farm |
| 26:32 | Build | Farm |
| 26:40 | Create | Villager (Male) |
Build order — gatien.rapicault
First 150 of 423 actions detected
| 0:11 | Create | Villager (Male) |
| 0:11 | Create | Villager (Male) |
| 0:11 | Create | Villager (Male) |
| 0:11 | Create | Villager (Male) |
| 0:12 | Create | Villager (Male) |
| 0:12 | Research | Loom |
| 0:21 | Build | House |
| 0:23 | Build | House |
| 1:11 | Build | Palisade Wall |
| 1:36 | Build | Palisade Wall |
| 1:50 | Build | Palisade Wall |
| 2:02 | Create | Villager (Male) |
| 2:56 | Create | Villager (Male) |
| 3:30 | Create | Villager (Male) |
| 3:47 | Create | Villager (Male) |
| 4:10 | Create | Villager (Male) |
| 4:28 | Build | House |
| 4:41 | Create | Villager (Male) |
| 5:08 | Create | Villager (Male) |
| 5:17 | Create | Villager (Male) |
| 5:33 | Build | House |
| 5:39 | Create | Villager (Male) |
| 5:46 | Create | Villager (Male) |
| 6:09 | Build | House |
| 6:38 | Create | Villager (Male) |
| 7:03 | Build | Mill |
| 7:18 | Create | Villager (Male) |
| 7:29 | Build | Lumber Camp |
| 7:55 | Create | Villager (Male) |
| 7:55 | Create | Villager (Male) |
| 8:32 | Create | Villager (Male) |
| 8:54 | Build | House |
| 9:09 | Create | Villager (Male) |
| 9:54 | Build | Mill |
| 10:01 | Build | House |
| 10:07 | Create | Villager (Male) |
| 10:08 | Create | Villager (Male) |
| 10:33 | Build | House |
| 10:50 | Build | Farm |
| 10:53 | Create | Villager (Male) |
| 11:11 | Build | House |
| 11:19 | Build | Farm |
| 11:21 | Create | Villager (Male) |
| 11:41 | Create | Villager (Male) |
| 11:54 | Build | Farm |
| 12:02 | Build | House |
| 12:08 | Create | Villager (Male) |
| 12:22 | Build | Farm |
| 12:33 | Research | Feudal Age |
| 12:42 | Research | Double-Bit Axe |
| 12:59 | Build | House |
| 13:06 | Build | Farm |
| 13:47 | Create | Villager (Male) |
| 13:48 | Create | Villager (Male) |
| 13:48 | Create | Villager (Male) |
| 13:59 | Build | Mining Camp |
| 14:11 | Research | Horse Collar |
| 14:32 | Build | Mining Camp |
| 14:45 | Research | Wheelbarrow |
| 14:47 | Age | Feudal Age |
| 15:08 | Build | Stone Wall |
| 15:20 | Build | Farm |
| 15:24 | Create | Villager (Male) |
| 15:24 | Create | Villager (Male) |
| 15:37 | Research | Bow Saw |
| 15:52 | Build | Lumber Camp |
| 15:58 | Create | Villager (Male) |
| 16:30 | Research | Heavy Plow |
| 17:07 | Build | Gate |
| 17:12 | Create | Villager (Male) |
| 17:55 | Build | Market |
| 18:02 | Research | Hand Cart |
| 18:15 | Build | Farm |
| 18:23 | Build | Mining Camp |
| 18:35 | Create | Villager (Male) |
| 18:41 | Build | Farm |
| 18:51 | Build | House |
| 18:52 | Build | House |
| 18:54 | Build | House |
| 18:56 | Build | House |
| 19:08 | Build | Farm |
| 19:12 | Create | Villager (Male) |
| 19:22 | Research | Gold Mining |
| 19:23 | Research | Stone Mining |
| 19:41 | Build | Blacksmith |
| 20:24 | Build | Farm |
| 20:34 | Research | Castle Age |
| 20:45 | Build | Lumber Camp |
| 20:52 | Build | Farm |
| 21:16 | Build | Stone Wall |
| 21:57 | Research | Gold Shaft Mining |
| 21:58 | Research | Stone Shaft Mining |
| 22:29 | Research | Caravan |
| 23:23 | Age | Castle Age |
| 23:33 | Build | Castle |
| 23:37 | Create | Villager (Male) |
| 23:38 | Create | Villager (Male) |
| 23:38 | Create | Villager (Male) |
| 23:47 | Research | Two-Man Saw |
| 24:07 | Build | Farm |
| 24:10 | Create | Villager (Male) |
| 24:54 | Build | Town Center |
| 25:02 | Build | Mining Camp |
| 25:06 | Create | Villager (Male) |
| 25:06 | Create | Villager (Male) |
| 25:23 | Build | Farm |
| 25:28 | Create | Villager (Male) |
| 25:37 | Create | Villager (Male) |
| 25:37 | Create | Villager (Male) |
| 25:53 | Build | Barracks |
| 25:56 | Build | Barracks |
| 25:59 | Build | Barracks |
| 26:04 | Create | Villager (Male) |
| 26:14 | Build | Farm |
| 26:24 | Create | Villager (Male) |
| 26:43 | Build | Farm |
| 26:47 | Create | Villager (Male) |
| 27:05 | Build | Farm |
| 27:17 | Research | Pikeman (upgrade) |
| 27:18 | Research | Squires |
| 27:19 | Research | Arson |
| 27:23 | Research | Scale Mail Armor |
| 27:24 | Research | Forging |
| 27:31 | Build | Farm |
| 27:34 | Create | Villager (Male) |
| 27:50 | Create | Villager (Male) |
| 27:50 | Create | Villager (Male) |
| 27:50 | Create | Villager (Male) |
| 27:57 | Build | Farm |
| 28:02 | Create | Villager (Male) |
| 28:13 | Build | Castle |
| 28:22 | Build | Farm |
| 28:53 | Build | Farm |
| 28:56 | Create | Villager (Male) |
| 28:56 | Create | Villager (Male) |
| 28:59 | Create | Villager (Male) |
| 28:59 | Create | Villager (Male) |
| 29:12 | Build | Lumber Camp |
| 29:20 | Build | Lumber Camp |
| 29:31 | Create | Villager (Male) |
| 29:36 | Build | Farm |
| 29:40 | Create | Villager (Male) |
| 29:40 | Create | Villager (Male) |
| 29:41 | Create | Villager (Male) |
| 30:08 | Build | Mill |
| 30:12 | Create | Villager (Male) |
| 30:22 | Build | House |
| 30:23 | Build | House |
| 30:26 | Build | House |
| 30:27 | Build | House |
Build order — MatteMaxiBoi
First 150 of 279 actions detected
| 0:03 | Create | Villager (Male) ×4 |
| 0:08 | Build | House |
| 0:12 | Build | House |
| 1:28 | Create | Villager (Male) |
| 2:04 | Create | Villager (Male) |
| 2:04 | Create | Villager (Male) |
| 2:23 | Create | Villager (Male) |
| 2:44 | Build | Lumber Camp |
| 2:49 | Create | Villager (Male) |
| 3:08 | Build | House |
| 3:14 | Create | Villager (Male) |
| 3:29 | Build | House |
| 3:34 | Create | Villager (Male) |
| 3:54 | Build | House |
| 4:02 | Create | Villager (Male) |
| 4:17 | Research | Loom |
| 4:25 | Create | Villager (Male) ×2 |
| 4:34 | Research | Loom |
| 4:34 | Create | Villager (Male) |
| 5:05 | Create | Villager (Male) |
| 5:05 | Create | Villager (Male) |
| 5:11 | Create | Villager (Male) |
| 5:12 | Create | Villager (Male) |
| 6:20 | Build | Dock |
| 6:28 | Build | Mill |
| 6:31 | Create | Villager (Male) |
| 7:13 | Create | Villager (Male) ×3 |
| 7:20 | Create | Fishing Ship |
| 7:20 | Create | Fishing Ship |
| 7:57 | Create | Villager (Male) |
| 8:02 | Create | Fishing Ship |
| 8:13 | Build | House |
| 8:37 | Create | Villager (Male) ×4 |
| 8:50 | Create | Villager (Male) |
| 9:30 | Create | Fishing Ship |
| 10:13 | Research | Feudal Age |
| 10:53 | Build | Lumber Camp |
| 11:05 | Build | Mining Camp |
| 11:09 | Create | Fishing Ship |
| 11:21 | Create | Villager (Male) ×5 |
| 11:32 | Build | House |
| 11:33 | Build | House |
| 11:34 | Build | House |
| 11:37 | Build | House |
| 11:37 | Build | House |
| 11:39 | Build | House |
| 11:42 | Build | House |
| 11:43 | Build | House |
| 11:45 | Build | House |
| 12:05 | Create | Fishing Ship |
| 12:43 | Age | Feudal Age |
| 12:49 | Build | Market |
| 13:23 | Build | Blacksmith |
| 13:31 | Research | Double-Bit Axe |
| 13:50 | Research | Gold Mining |
| 13:59 | Research | Tech 906 |
| 14:22 | Create | Villager (Male) |
| 14:31 | Create | Fishing Ship |
| 14:49 | Create | Villager (Male) |
| 14:56 | Create | Fishing Ship |
| 14:59 | Create | Fishing Ship |
| 15:05 | Create | Fishing Ship |
| 15:09 | Research | Castle Age |
| 15:31 | Build | Lumber Camp |
| 15:43 | Build | Fish Trap |
| 16:10 | Build | Fish Trap |
| 16:21 | Build | Fish Trap |
| 16:45 | Build | Fish Trap |
| 16:58 | Build | Fish Trap |
| 17:04 | Build | Fish Trap |
| 17:17 | Create | Villager (Male) |
| 17:17 | Create | Villager (Male) |
| 17:24 | Build | Fish Trap |
| 17:31 | Build | Fish Trap |
| 17:43 | Build | House |
| 17:43 | Build | House |
| 17:54 | Build | Fish Trap |
| 17:54 | Age | Castle Age |
| 18:01 | Build | Fish Trap |
| 18:12 | Build | Farm |
| 18:12 | Build | Farm |
| 18:12 | Build | Farm |
| 18:13 | Build | Farm |
| 18:13 | Build | Farm |
| 18:32 | Build | Farm |
| 18:36 | Build | Farm |
| 18:40 | Build | Farm |
| 18:47 | Create | Villager (Male) |
| 18:47 | Create | Villager (Male) |
| 18:51 | Build | Farm |
| 18:55 | Build | Farm |
| 19:00 | Build | House |
| 19:03 | Build | Farm |
| 19:12 | Build | Farm |
| 19:19 | Build | Farm |
| 19:30 | Build | Farm |
| 19:36 | Build | House |
| 19:39 | Create | Villager (Male) |
| 19:57 | Build | Monastery |
| 20:00 | Create | Villager (Male) |
| 20:00 | Create | Villager (Male) |
| 20:08 | Build | Farm |
| 20:16 | Build | House |
| 20:22 | Create | Trade Cart |
| 20:37 | Build | Siege Workshop |
| 20:47 | Research | Bow Saw |
| 20:52 | Build | House |
| 20:53 | Build | House |
| 20:53 | Build | House |
| 20:58 | Create | Villager (Male) |
| 20:59 | Create | Villager (Male) |
| 20:59 | Create | Villager (Male) |
| 21:05 | Build | Farm |
| 21:08 | Create | Monk |
| 22:00 | Build | Farm |
| 22:02 | Build | Farm |
| 22:05 | Build | Farm |
| 22:07 | Build | Farm |
| 22:09 | Research | Imperial Age |
| 22:21 | Build | Town Center |
| 22:36 | Build | Town Center |
| 22:52 | Research | Gold Shaft Mining |
| 22:58 | Research | Horse Collar |
| 23:02 | Research | Wheelbarrow |
| 23:12 | Research | Stone Mining |
| 23:15 | Research | Padded Archer Armor |
| 23:33 | Create | Villager (Male) |
| 23:33 | Create | Villager (Male) |
| 23:46 | Research | Gillnets |
| 23:57 | Research | Leather Archer Armor |
| 24:13 | Build | Barracks |
| 24:34 | Build | University |
| 25:05 | Create | Villager (Male) |
| 25:06 | Create | Villager (Male) |
| 25:18 | Create | Villager (Male) |
| 25:18 | Create | Villager (Male) |
| 25:24 | Age | Imperial Age |
| 25:24 | Create | Villager (Male) |
| 25:24 | Create | Villager (Male) |
| 25:25 | Create | Villager (Male) |
| 25:25 | Create | Villager (Male) |
| 25:25 | Create | Villager (Male) |
| 25:26 | Create | Villager (Male) |
| 25:27 | Create | Villager (Male) ×5 |
| 25:45 | Build | Archery Range |
| 25:46 | Build | Archery Range |
| 25:48 | Build | Archery Range |
| 25:50 | Build | Archery Range |
| 25:51 | Build | Archery Range |
| 26:04 | Create | Villager (Male) ×5 |
Match timeline
| 0:33 | Hamza Khan · wall_segment Palisade Wall x1 |
| 1:11 | gatien.rapicault · wall_segment Palisade Wall x8 |
| 1:26 | andreslcastrom · wall_segment Palisade Wall x10 |
| 1:36 | gatien.rapicault · wall_segment Palisade Wall x9 |
| 1:50 | gatien.rapicault · wall_segment Palisade Wall x8 |
| 2:18 | Hamza Khan · wall_segment Palisade Wall x5 |
| 6:20 | MatteMaxiBoi · first_building Dock |
| 8:30 | Boyka · first_building Dock |
| 9:01 | ڈپٹی · age_up feudal |
| 11:18 | Boyka · age_up feudal |
| 11:42 | Axxano · age_up feudal |
| 11:42 | Hamza Khan · age_up feudal |
| 12:43 | MatteMaxiBoi · age_up feudal |
| 12:45 | ڈپٹی · age_up castle |
| 13:32 | smake · age_up feudal |
| 14:30 | andreslcastrom · age_up feudal |
| 14:47 | gatien.rapicault · age_up feudal |
| 14:49 | andreslcastrom · first_building Barracks |
| 15:08 | gatien.rapicault · wall_segment Stone Wall x9 |
| 16:08 | andreslcastrom · first_building Stable |
| 16:39 | Axxano · age_up castle |
| 17:47 | Boyka · age_up castle |
| 17:53 | smake · age_up castle |
| 17:54 | MatteMaxiBoi · age_up castle |
| 18:04 | smake · first_market_sell 100 wood |
| 18:05 | smake · first_market_buy 100 stone |
| 18:20 | Boyka · first_building Monastery |
| 19:36 | Hamza Khan · first_building Barracks |
| 19:57 | MatteMaxiBoi · first_building Monastery |
| 20:16 | Axxano · first_building Monastery |
| 20:37 | MatteMaxiBoi · first_building Siege Workshop |
| 21:16 | gatien.rapicault · wall_segment Stone Wall x12 |
| 21:21 | Hamza Khan · age_up castle |
| 21:37 | smake · first_building Siege Workshop |
| 22:21 | Boyka · first_building Castle |
| 22:31 | Hamza Khan · first_building Castle |
| 22:32 | smake · first_building Monastery |
| 23:23 | gatien.rapicault · age_up castle |
| 23:33 | gatien.rapicault · first_building Castle |
| 24:02 | ڈپٹی · first_building Barracks |
| 24:13 | MatteMaxiBoi · first_building Barracks |
| 24:22 | ڈپٹی · first_building Monastery |
| 25:21 | Axxano · first_building Barracks |
| 25:24 | MatteMaxiBoi · age_up imperial |
| 25:35 | smake · first_building Barracks |
| 25:45 | MatteMaxiBoi · first_building Archery Range |
| 25:47 | andreslcastrom · age_up castle |
| 25:53 | gatien.rapicault · first_building Barracks |
| 25:56 | andreslcastrom · first_building Castle |
| 25:59 | Boyka · first_building Barracks |
| 26:06 | Hamza Khan · first_building Monastery |
| 27:16 | Axxano · wall_segment Stone Wall x16 |
| 27:33 | Axxano · first_building Siege Workshop |
| 27:41 | smake · first_building Castle |
| 27:53 | Boyka · first_building Siege Workshop |
| 28:43 | ڈپٹی · wall_segment Palisade Wall x17 |
| 28:56 | ڈپٹی · wall_segment Stone Wall x18 |
| 28:57 | MatteMaxiBoi · first_market_sell 500 stone |
| 29:22 | Axxano · age_up imperial |
| 29:37 | ڈپٹی · first_building Castle |
| 29:52 | smake · age_up imperial |
| 30:24 | Hamza Khan · age_up imperial |
| 30:47 | ڈپٹی · age_up imperial |
| 30:48 | Axxano · first_building Castle |
| 30:53 | Axxano · first_building Archery Range |
| 31:00 | gatien.rapicault · first_building Stable |
| 31:53 | Boyka · age_up imperial |
| 33:01 | MatteMaxiBoi · first_building Castle |
| 33:59 | ڈپٹی · first_building Stable |
| 34:29 | gatien.rapicault · age_up imperial |
| 34:39 | ڈپٹی · first_building Archery Range |
| 34:41 | Boyka · first_building Stable |
| 34:51 | Hamza Khan · first_building Archery Range |
| 35:12 | andreslcastrom · wall_segment Stone Wall x2 |
| 35:15 | andreslcastrom · wall_segment Stone Wall x13 |
| 35:18 | andreslcastrom · wall_segment Stone Wall x13 |
| 35:22 | andreslcastrom · wall_segment Stone Wall x15 |
| 36:19 | gatien.rapicault · first_market_buy 100 food |
| 36:33 | andreslcastrom · age_up imperial |
| 37:02 | andreslcastrom · wall_segment Stone Wall x11 |
| 37:06 | ڈپٹی · first_market_sell 100 stone |
| 37:08 | ڈپٹی · first_market_buy 100 stone |
| 37:54 | Axxano · first_market_buy 100 stone |
| 39:10 | Axxano · first_building Stable |
| 41:25 | Boyka · first_market_sell 100 food |
| 41:29 | Boyka · first_market_buy 100 stone |
| 42:13 | ڈپٹی · tribute_sent a jugador 1 |
| 42:13 | ڈپٹی · tribute_sent a jugador 3 |
| 42:13 | ڈپٹی · tribute_sent a jugador 4 |
| 42:13 | ڈپٹی · tribute_sent a jugador 5 |
| 42:13 | ڈپٹی · tribute_sent a jugador 6 |
| 42:13 | ڈپٹی · tribute_sent a jugador 7 |
| 42:13 | ڈپٹی · tribute_sent a jugador 8 |
| 44:59 | ڈپٹی · tribute_sent a jugador 1 |
| 44:59 | ڈپٹی · tribute_sent a jugador 3 |
| 44:59 | ڈپٹی · tribute_sent a jugador 4 |
| 44:59 | ڈپٹی · tribute_sent a jugador 5 |
| 44:59 | ڈپٹی · tribute_sent a jugador 6 |
| 44:59 | ڈپٹی · tribute_sent a jugador 7 |
| 44:59 | ڈپٹی · tribute_sent a jugador 8 |
| 45:46 | Boyka · first_building Archery Range |
| 48:51 | Hamza Khan · first_market_buy 100 food |
| 49:04 | Axxano · resign |
[ AI ANALYSIS · 1 CREDIT ]
What really happened in this match?
Wolo.gg analyzes every decision: build order, eco, micro, common mistakes by bracket. Personalized analysis on WhatsApp or Discord in 30 seconds.
Civ guide
Burgundians
Perfil
Jugador #4875358